 Dungeon Sprint DCSS version 0.30-a0-272-gf98c3da03f (webtiles) character file.

Game seed: 17233434655019476652

64803 rocky1 the Swordfish (level 13, -2/122 HPs)
             Began as a Merfolk Gladiator on Oct 16, 2022.
             Was an Initiate of Gozag.
             Slain by a spriggan defender
             ... wielding a +0 dagger
              (17 damage)
             ... in the Dungeon (Sprint III: "The Ten Rune Challenge").
             The game lasted 00:27:54 (6628 turns).

rocky1 the Swordfish (Merfolk Gladiator)            Turns: 6628, Time: 00:27:55

Health: -2/122     AC: 10    Str: 20    XL:     13   Next: 92%
Magic:  9/10       EV: 25    Int: 14    God:    Gozag
Gold:   2677       SH:  0    Dex: 19    Spells: 15/20 levels left

rFire   . . .      SeeInvis .    k - +7 Maxwell's thermic engine {flame, freeze}
rCold   + + +      Faith    .    (no shield)
rNeg    . . .      Spirit   .    f - +0 ring mail
rPois   +          Reflect  .    A - +1 hat {Stlth+}
rElec   +          Harm     .    y - +1 cloak {rPois}
rCorr   .          Rampage  .    (no gloves)
Will    .....      NoTele   +    (no boots)
Stlth   ++++......               w - amulet of the acrobat
HPRegen 0.40/turn                j - ring of Iriekkirr {rElec rC+ Str+6}
MPRegen 0.12/turn                x - ring "Sanoycy" {rPois rC+++ MP-9 Int+5 Stlth-}

@: gold aura, hasted, very quick
A: (nimble swimmer 2), mertail
}: 2/10 runes: serpentine, barnacled
a: Renounce Religion, Potion Petition, Call Merchant, Bribe Branch


You were in the Dungeon.
You worshipped Gozag.
Gozag was most pleased with you.
You visited 1 branch You collected 11484 gold pieces.
You spent 5193 gold pieces at shops.
You paid 3614 gold pieces to Gozag.

Inventory:

Hand Weapons
 g - a +0 long sword of electrocution
 k - the +7 Maxwell's thermic engine (weapon) {flame, freeze}
   (You bought it in a shop in the Dungeon)

   It burns those it strikes, dealing additional fire damage.
   Big, fiery blades are also staple armaments of hydra-hunters.
   It freezes those it strikes, dealing additional cold damage.
   It can also slow down cold-blooded creatures.
   It becomes more effective when it hits something.
   This effect fades over time.
Missiles
 a - 5 curare-tipped darts
 d - 2 throwing nets
 e - 5 javelins (quivered)
 D - 2 silver javelins
Armour
 b - a +2 robe of the Archmagi
 f - a +0 ring mail (worn)
 y - a +1 cloak of poison resistance (worn)
 A - a +1 hat of stealth (worn)
 K - the +5 ring mail of Vehumet's Favour {rElec}
   (You found it in the Dungeon)

   rElec:     It insulates you from electricity.
Jewellery
 j - the ring of Iriekkirr (left hand) {rElec rC+ Str+6}
   (You bought it in a shop in the Dungeon)

   [ring of protection from cold]

   Str:       It affects your strength (+6).
   rC:        It protects you from cold.
   rElec:     It insulates you from electricity.
 u - a +4 ring of slaying
 w - an amulet of the acrobat (around neck)
 x - the ring "Sanoycy" (right hand) {rPois rC+++ MP-9 Int+5 Stlth-}
   (You bought it in a shop in the Dungeon)

   [ring of poison resistance]

   Int:       It affects your intelligence (+5).
   rC:        It renders you almost immune to cold.
   rPois:     It protects you from poison.
   MP:        It affects your magic capacity (-9).
   Stlth:     It makes you less stealthy.
 J - an amulet of reflection
Wands
 m - a wand of roots (3)
 v - a wand of digging (8)
 I - a wand of acid (2)
Scrolls
 c - 2 scrolls of blinking
 l - 5 scrolls of fog
 o - 3 scrolls of poison
 p - 5 scrolls of identify
 r - a scroll of torment
 s - 2 scrolls of silence
 E - 2 scrolls of vulnerability
 F - a scroll of magic mapping
 G - a scroll of summoning
 H - 3 scrolls of enchant armour
Potions
 h - 2 potions of haste
 i - 2 potions of magic
 n - 2 potions of mutation
 q - 4 potions of flight
 t - 2 potions of lignification
 z - 2 potions of heal wounds
 B - 4 potions of curing
 C - 2 potions of attraction


   Skills:
 - Level 18.1 Fighting
 O Level 27 Long Blades
 - Level 2.0 Throwing
 - Level 10.0 Armour
 - Level 21.3 Dodging
 - Level 9.5 Stealth
 + Level 4.1 Spellcasting
 + Level 3.7 Conjurations
 + Level 5.0 Ice Magic
 + Level 3.7 Air Magic


You had 15 spell levels left.
You knew the following spells:

 Your Spells              Type           Power      Damage    Failure   Level
a - Freezing Cloud        Conj/Ice/Air   7%         6-21      80%         5

Your spell library contained the following spells:

 Spells                   Type           Power      Damage    Failure   Level
 Freeze                   Ice            68%        1d8       3%          1
 Magic Dart               Conj           52%        1d5       6%          1
 Searing Ray              Conj           26%        2d5       9%          2
 Frozen Ramparts          Ice            34%        1d6       11%         3
 Hailstorm                Conj/Ice       15%        3d5       14%         3
 Apportation              Tloc           4%         N/A       28%         1
 Stone Arrow              Conj/Erth      16%        3d8       36%         3
 Sublimation of Blood     Necr           2%         N/A       41%         2
 Kindle Blastsparks       Fire/Tloc/Air  12%        2d11      45%         3
 Ignite Poison            Fire/Tmut/Pois 2%         N/A       65%         3
 Fulminant Prism          Conj/Hex       4%         3d6       78%         4
 Iskenderun's Battlesphe  Conj           13%        2d7       86%         5
 Fireball                 Conj/Fire      4%         3d4       98%         5
 Alistair's Intoxication  Tmut/Pois      1%         N/A       100%        5
 Conjure Ball Lightning   Conj/Air       6%         3x3d6     100%        6
 Orb of Destruction       Conj           6%         9d6       100%        7
 Animate Dead             Necr           Unusable   N/A       N/A         4

Dungeon Overview and Level Annotations

Branches:
Dungeon (1/1)

Altars:
Cheibriados
Dithmenos
Elyvilon
Fedhas
Gozag
Hepliaklqana
Kikubaaqudgha
Makhleb
Nemelex Xobeh
Okawaru
Qazlal
Ru
Sif Muna
Trog
Uskayaw
Vehumet
Wu Jian
Xom
Yredelemnul
Zin
The Shining One
Jiyva
Lugonu

Shops:
D [:?=((=*?(!=:[*(([


Innate Abilities, Weirdness & Mutations

((You are very nimble when in or above water. (Stealth+, EV+, Speed+++)))
Your lower body shifts to a powerful aquatic tail in water.


Message History

You miss the spriggan defender.
The spriggan defender is moderately wounded.
The spriggan defender hits you with a +0 dagger!
* * * LOW HITPOINT WARNING * * *
You miss the spriggan defender.
The spriggan defender is moderately wounded.
The spriggan defender hits you with a +0 dagger.
* * * LOW HITPOINT WARNING * * *
Unknown command.
You feel much better.
The spriggan defender hits you with a +0 dagger!
Unknown command.
You completely miss the spriggan defender.
The spriggan defender is moderately wounded.
The spriggan defender completely misses you.
You completely miss the spriggan defender.
The spriggan defender is moderately wounded.
The spriggan defender completely misses you.
You slice the spriggan defender!! You burn the spriggan defender.
You freeze the spriggan defender.
The spriggan defender is almost dead.
You slash the spriggan defender! You burn the spriggan defender.
You kill the spriggan defender!
Your Ice Magic skill increases to level 5!
Unknown command.
The spriggan defender is no longer distracted by gold.
The spriggan defender hits you with a +0 dagger.
* * * LOW HITPOINT WARNING * * *
Items here: $ ))).
You closely miss the spriggan defender. The spriggan defender misses you.
You slash the spriggan defender! You burn the spriggan defender.
You freeze the spriggan defender.
The spriggan defender is moderately wounded.
The spriggan defender hits you with a +0 dagger!!
* * * LOW HITPOINT WARNING * * *
You miss the spriggan defender.
The spriggan defender is moderately wounded.
The spriggan defender hits you with a +0 dagger!
You die...
Your body crumbles into a pile of gold.

......#♣♣♣._.#....P# ≈
'#############'#####
...........###.....+
............##.#######
##########..##.#$P...
#...........##.#PP.. ########
...........###.#§§§ ###.∩⌠⌠∩.#
..########## #.#i§§###.#.∩⌠⌠∩.#
...........###.#@###...#.∩∩∩..#
#...........##.#§#§....#.∩∩∩∩.#
##########).##.#§§§....#......#
#........)).##.#§§§....###''###
∩..........###.........#.⌠..⌠.#
∩.####################.#......#
∩...........# #........#
#...........# ..............#
############# ..............#


You could see a spriggan defender.

Vanquished Creatures
  Sigmund (D)
  Rupert (D)
  Polyphemus (D)
  Gastronok (D)
  Ilsuiw (D)
  A nagaraja (D)
  4 azure jellies (D)
  2 dire elephants (D)
  A merfolk javelineer (D)
  2 hydras (D)
  Erolcha (D)
  3 anacondas (D)
  A naga warrior (D)
  4 death yaks (D)
  3 orc high priests (D)
  Urug (D)
  A sea snake (D)
  A death drake (D)
  A spriggan druid (D)
  A lindwurm (D)
  A deep elf pyromancer (D)
  An obsidian statue (D)
  An orc sorcerer (D)
  A guardian serpent (D)
  2 elephants (D)
  6 black mambas (D)
  Edmund (D)
  2 cane toads (D)
  A rime drake (D)
  A komodo dragon (D)
  3 spriggan defenders (D)
  2 tyrant leeches (D)
  8 blink frogs (D)
  3 dream sheep (D)
  3 wandering mushrooms (D)
  A shadow (D)
  2 spriggans (D)
  5 redbacks (D)
  A spatial vortex (D)
  2 nagas (D)
  6 water moccasins (D)
  A swamp drake (D)
  3 orc warriors (D)
  A fire dragon simulacrum (D)
  5 two-headed ogres (D)
  A necrophage (D)
  A scorpion (D)
  A water elemental (D)
  An electric eel (D)
  A jelly (D)
  5 orc priests (D)
  A wizard (D)
  Jessica (D)
  2 orc wizards (D)
  A necromancer (D)
  2 polar bear simulacra (D)
  A wolf simulacrum (D)
  3 humans (D)
  A kobold demonologist (D)
  6 adders (D)
  8 orcs (D)
  2 endoplasms (D)
  A rat (D)
  A plant (D)
135 creatures vanquished.

Vanquished Creatures (others)
  12 plants (D)
12 creatures vanquished.

Grand Total: 147 creatures vanquished

Notes
Turn   | Place    | Note
-------+----------+-------------------------------------------
     0 | D        | rocky1 the Merfolk Gladiator began the quest for the Orb.
     0 | D        | Reached XP level 1. HP: 16/16 MP: 1/1
    11 | D        | Reached skill level 4 in Long Blades
    26 | D        | Reached skill level 5 in Long Blades
    50 | D        | Noticed Jessica
    65 | D        | Killed Jessica
    66 | D        | Reached skill level 8 in Long Blades
    66 | D        | Reached XP level 2. HP: 4/22 MP: 2/2
    66 | D        | Reached XP level 3. HP: 4/27 MP: 3/3
   169 | D        | Noticed a scorpion
   188 | D        | Reached skill level 9 in Long Blades
   200 | D        | Killed a scorpion
   201 | D        | Reached skill level 11 in Long Blades
   201 | D        | Reached skill level 1 in Stealth
   201 | D        | Reached XP level 4. HP: 19/33 MP: 4/4
   303 | D        | Noticed a water elemental
   310 | D        | Killed a water elemental
   311 | D        | Reached skill level 12 in Long Blades
   311 | D        | Reached XP level 5. HP: 19/38 MP: 5/5
   508 | D        | Found a glowing silver altar of Zin.
   508 | D        | Found a glowing golden altar of the Shining One.
   508 | D        | Found a white marble altar of Elyvilon.
   508 | D        | Noticed a deep elf pyromancer
   519 | D        | Killed a deep elf pyromancer
   520 | D        | Reached skill level 14 in Long Blades
   520 | D        | Reached XP level 6. HP: 23/55 MP: 6/6
   520 | D        | Reached XP level 7. HP: 25/60 MP: 7/7
   760 | D        | Noticed a shadow
   762 | D        | Killed a shadow
   763 | D        | Reached skill level 15 in Long Blades
   763 | D        | Reached skill level 10 in Dodging
   768 | D        | Found a blossoming altar of Fedhas.
   768 | D        | Found a stormy altar of Qazlal.
   768 | D        | Found a snail-covered altar of Cheibriados.
   768 | D        | Found a burning altar of Makhleb.
   768 | D        | Found a shimmering altar of Xom.
   769 | D        | Found a hazy altar of Hepliaklqana.
   769 | D        | Found an opulent altar of Gozag.
   769 | D        | Found a sparkling altar of Nemelex Xobeh.
   769 | D        | Found a corrupted altar of Lugonu.
   769 | D        | Found a viscous altar of Jiyva.
   769 | D        | Noticed a spatial vortex
   786 | D        | Killed a spatial vortex
   787 | D        | Reached XP level 8. HP: 70/70 MP: 8/8
   789 | D        | Became a worshipper of Gozag Ym Sagoz the Greedy
   805 | D        | Found a basalt altar of Yredelemnul.
   805 | D        | Found a shadowy altar of Dithmenos.
   805 | D        | Found a sacrificial altar of Ru.
   821 | D        | Found a hide-covered altar of Uskayaw.
   821 | D        | Found an iron altar of Okawaru.
   821 | D        | Found a bloodstained altar of Trog.
   821 | D        | Found an ornate altar of the Wu Jian Council.
   841 | D        | Reached skill level 16 in Long Blades
   887 | D        | Found a radiant altar of Vehumet.
   887 | D        | Found a shimmering blue altar of Sif Muna.
   887 | D        | Found an ancient bone altar of Kikubaaqudgha.
   892 | D        | Noticed an orange demon
   917 | D        | Learned a level 5 spell: Freezing Cloud
   946 | D        | Reached skill level 10 in Fighting
  1033 | D        | Noticed a two-headed ogre
  1049 | D        | Killed a two-headed ogre
  1050 | D        | Reached XP level 9. HP: 21/79 MP: 9/9
  1232 | D        | Noticed Erolcha
  1232 | D        | Noticed a two-headed ogre
  1252 | D        | Killed Erolcha
  1253 | D        | Reached skill level 17 in Long Blades
  1265 | D        | Killed a two-headed ogre
  1464 | D        | Noticed an orc high priest
  1479 | D        | Reached skill level 1 in Armour
  1487 | D        | Noticed a rust devil
  1491 | D        | Noticed a rust devil
  1491 | D        | Killed an orc high priest
  1492 | D        | Reached skill level 18 in Long Blades
  1492 | D        | Reached skill level 15 in Dodging
  1492 | D        | Noticed an orc high priest
  1495 | D        | Noticed a red devil
  1499 | D        | Reached XP level 10. HP: 51/91 MP: 10/10
  1507 | D        | Killed an orc high priest
  1518 | D        | Noticed an orc sorcerer
  1527 | D        | Killed an orc sorcerer
  1721 | D        | Found Tunuem's Weapon Emporium.
  1806 | D        | Reached skill level 19 in Long Blades
  1846 | D        | Noticed Edmund
  1847 | D        | Noticed Sigmund
  1863 | D        | Killed Edmund
  1864 | D        | Reached skill level 5 in Armour
  1879 | D        | Killed Sigmund
  1880 | D        | Reached XP level 11. HP: 77/101 MP: 11/11
  2054 | D        | Bought the ring of Iriekkirr {rElec rC+ Str+6} for 516 gold
                  | pieces
  2054 | D        | Bought an amulet of the acrobat for 300 gold pieces
  2054 | D        | Bought the ring "Sanoycy" {rPois rC+++ MP-9 Int+5 Stlth-}
                  | for 522 gold pieces
  2098 | D        | Reached skill level 15 in Fighting
  2098 | D        | Reached skill level 20 in Long Blades
  2108 | D        | HP: 4/102 [cane toad (20)]
  2115 | D        | HP: 2/102 [cane toad (15)]
  2840 | D        | Noticed a lindwurm
  2850 | D        | Killed a lindwurm
  3010 | D        | Noticed Urug
  3030 | D        | Killed Urug
  3343 | D        | Reached skill level 21 in Long Blades
  3699 | D        | Noticed an obsidian statue
  3710 | D        | Noticed a sun demon
  3715 | D        | Killed an obsidian statue
  3947 | D        | Found Daemnyni's Book Emporium.
  3947 | D        | Found Noricu's General Store.
  3947 | D        | Found Teik's Antique Armour Shoppe.
  3947 | D        | Found Ejiushry's Jewellery Boutique.
  3947 | D        | Found Epruor's Antique Armour Emporium.
  3947 | D        | Found Poacukh's Antique Weapon Emporium.
  3947 | D        | Found Nuitouz's Antique Weapon Boutique.
  3948 | D        | Found Tawov's Distillery.
  3948 | D        | Found Tamyirao's Antique Weapon Shoppe.
  3948 | D        | Found Helon's Magic Scroll Shop.
  3948 | D        | Found Vikaz's Assorted Antiques.
  3981 | D        | Bought the +2 Maxwell's thermic engine {flame, freeze} for
                  | 1276 gold pieces
  3981 | D        | Found the +2 Maxwell's thermic engine {flame, freeze}
  3999 | D        | Bought a glowing cloak for 195 gold pieces
  4009 | D        | Bought a potion of heal wounds for 55 gold pieces
  4009 | D        | Bought a potion of heal wounds for 55 gold pieces
  4098 | D        | Noticed Rupert
  4107 | D        | Paralysed by Rupert for 2 turns
  4122 | D        | Paralysed by Rupert for 3 turns
  4127 | D        | Killed Rupert
  4128 | D        | Reached XP level 12. HP: 72/113 MP: 3/12
  4254 | D        | Noticed a dire elephant
  4254 | D        | Noticed a dire elephant
  4316 | D        | Killed a dire elephant
  4317 | D        | Reached skill level 5 in Stealth
  4322 | D        | Killed a dire elephant
  4466 | D        | Noticed Gastronok
  4475 | D        | Killed Gastronok
  4545 | D        | Noticed an azure jelly
  4545 | D        | Noticed an azure jelly
  4545 | D        | Noticed an azure jelly
  4547 | D        | Noticed an azure jelly
  4559 | D        | Killed an azure jelly
  4562 | D        | Killed an azure jelly
  4563 | D        | Reached skill level 22 in Long Blades
  4569 | D        | Killed an azure jelly
  4580 | D        | Killed an azure jelly
  4773 | D        | Noticed a death yak
  4773 | D        | Noticed a death yak
  4774 | D        | Noticed a death yak
  4778 | D        | Noticed a death yak
  4785 | D        | Killed a death yak
  4793 | D        | Killed a death yak
  4795 | D        | Killed a death yak
  4798 | D        | Killed a death yak
  4799 | D        | Reached skill level 10 in Armour
  4799 | D        | Reached XP level 13. HP: 57/122 MP: 4/13
  5085 | D        | Noticed Polyphemus
  5100 | D        | Killed Polyphemus
  5101 | D        | Reached skill level 23 in Long Blades
  5307 | D        | Noticed Ilsuiw
  5329 | D        | Killed Ilsuiw
  5330 | D        | Reached skill level 24 in Long Blades
  5446 | D        | Found Pour's Magic Scroll Shoppe.
  5447 | D        | Found Iprifues's Antique Armour Boutique.
  5448 | D        | Found Galin's Book Emporium.
  5449 | D        | Noticed a merfolk javelineer
  5462 | D        | Killed a merfolk javelineer
  5563 | D        | Got a barnacled rune of Zot
  5578 | D        | Bought a scroll of identify for 24 gold pieces
  5578 | D        | Bought a scroll of vulnerability for 48 gold pieces
  5578 | D        | Bought 2 scrolls of fog for 96 gold pieces
  5578 | D        | Bought a scroll of magic mapping for 90 gold pieces
  5578 | D        | Bought 2 scrolls of identify for 48 gold pieces
  5578 | D        | Bought a scroll of poison for 48 gold pieces
  5578 | D        | Bought a scroll of silence for 114 gold pieces
  5578 | D        | Bought a scroll of summoning for 114 gold pieces
  5578 | D        | Bought 3 scrolls of enchant armour for 270 gold pieces
  5582 | D        | Bought a book of Frost for 200 gold pieces
  5665 | D        | Reached skill level 25 in Long Blades
  5857 | D        | Found a blossoming altar of Fedhas.
  5868 | D        | Reached skill level 26 in Long Blades
  5914 | D        | Got the Parchment of the Lithosphere and Iniquitous Rituals
  5917 | D        | Identified the +5 ring mail of Vehumet's Favour {rElec}
  6120 | D        | Reached skill level 27 in Long Blades
  6253 | D        | Reached skill level 1 in Spellcasting
  6253 | D        | Reached skill level 1 in Conjurations
  6253 | D        | Reached skill level 1 in Ice Magic
  6253 | D        | Reached skill level 1 in Air Magic
  6351 | D        | Noticed a nagaraja
  6361 | D        | Killed a nagaraja
  6384 | D        | Found Diov's Magic Scroll Shop.
  6384 | D        | Found Baemuv's Jewellery Shoppe.
  6389 | D        | Found Pasiviwn's Antique Weapon Boutique.
  6394 | D        | Bought a scroll of identify for 22 gold pieces
  6394 | D        | Bought a scroll of blinking for 82 gold pieces
  6394 | D        | Bought a scroll of identify for 22 gold pieces
  6394 | D        | Bought a scroll of blinking for 82 gold pieces
  6399 | D        | Bought a +4 ring of slaying for 1014 gold pieces
  6422 | D        | Got a serpentine rune of Zot
  6625 | D        | Reached skill level 5 in Ice Magic
  6628 | D        | Slain by a spriggan defender

Illustrated notes

Levels and vault maps discovered:
D:        dungeon_sprint_mu [sprint_mu_entry_cave, sprint_mu_temple_rooms,
          sprint_mu_d1_spiders, sprint_mu_d2_genie, sprint_mu_d3_branching,
          sprint_mu_orc_legion, sprint_mu_elf_gauntlet, sprint_mu_hive_nellie,
          sprint_mu_lair_fedhas, sprint_mu_vaults_butterflies,
          sprint_mu_slime_circle, sprint_mu_shoals_archi,
          sprint_mu_snake_twists, sprint_mu_blade_basic,
          sprint_mu_crypt_chambers, sprint_mu_tomb_spiral,
          sprint_mu_vestibule_basic, sprint_mu_gehenna_hellfire,
          sprint_mu_dis_giant, sprint_mu_tartarus_statrot,
          sprint_mu_cocytus_islands, sprint_mu_zot1]

Skill      XL: |  1  2  3  4  5  6  7  8  9 10 11 12 13 |
---------------+----------------------------------------+-----
Long Blades    | 8 11 12 14 15 16 18 19 21 22 27 | 27.0
Stealth        | 1 3 9 |  9.5
Fighting       | 7 8 10 12 14 16 18 | 18.1
Dodging        | 9 11 13 15 17 19 21 | 21.3
Armour         | 2 6 8 10 | 10.0
Spellcasting   | 4 |  4.1
Conjurations   | 3 |  3.7
Ice Magic      | 5 |  5.0
Air Magic      | 3 |  3.7
Throwing       | |  2.0

Action                   |  1- 3 |  4- 6 |  7- 9 | 10-12 | 13-15 || total
-------------------------+-------+-------+-------+-------+-------++-------
Melee: Long sword        |    27 |    15 |   131 |   235 |       ||   408
       Tailslap          |       |       |       |    25 |     2 ||    27
       Punch             |       |       |       |     8 |     4 ||    12
       Double sword      |       |       |       |    86 |   160 ||   246
Throw: Throwing net      |     4 |       |       |       |       ||     4
       Javelin           |       |       |     1 |     1 |     2 ||     4
       Dart              |       |       |       |     2 |     4 ||     6
Invok: Potion Petition   |       |       |       |     6 |     1 ||     7
       Call Merchant     |       |       |       |     1 |       ||     1
Evoke: Wand              |       |     1 |     1 |       |       ||     2
  Use: Potion            |       |       |     2 |     3 |     1 ||     6
       Scroll            |       |       |       |     1 |     4 ||     5
 Stab: Sleeping          |       |       |     2 |     1 |     1 ||     4
       Distracted        |       |       |     1 |       |     2 ||     3
       Invisible         |       |       |       |     4 |       ||     4
Armor: Leather armour    |     5 |     2 |     4 |     6 |       ||    17
       Ring mail         |       |       |       |    18 |    19 ||    37
Dodge: Dodged            |     3 |     4 |    83 |   230 |   140 ||   460

Table legend: (Time is in decaauts)
 A = Elapsed time spent in this place.
 B = Non-inter-level travel time spent in this place.
 C = Inter-level travel time spent in this place.
 D = Time resting spent in this place.
 E = Time spent auto-exploring this place.
 F = Levels seen in this place.
 G = Mean time per level.
                   A        B        C        D        E       F      G
               +--------+--------+--------+--------+--------+-----+--------+
         Total |   6399 |   6197 |    202 |   4309 |     24 |   1 | 6399.0 |
       Dungeon |   6399 |   6197 |    202 |   4309 |     24 |   1 | 6399.0 |
               +--------+--------+--------+--------+--------+-----+--------+

Top non-repeatable levels by time:
       D: 6399 daAuts
